 Dungeon Crawl Stone Soup version 0.30-a0-739-gea05faddec (webtiles) character file.

Game seed: 9310959113307031851

30 Iich the Trooper (level 3, -7/33 HPs)
             Began as a Minotaur Fighter on Feb 4, 2023.
             Killed from afar by Jessica (17 damage)
             ... with a bolt of light
             ... on level 2 of the Dungeon.
             The game lasted 00:01:32 (746 turns).

Iich the Trooper (Minotaur Fighter)                  Turns: 746, Time: 00:01:32

Health: -7/33      AC:  6    Str: 20    XL:     3   Next: 5%
Magic:  2/2        EV: 24    Int:  5    God:
Gold:   33         SH:  0    Dex: 11    Spells: 2/2 levels left

rFire   . . .      SeeInvis .    a - +0 war axe
rCold   . . .      Faith    .    c - +0 buckler
rNeg    . . .      Spirit   .    b - +0 scale mail
rPois   .          Reflect  .    (helmet restricted)
rElec   .          Harm     .    (no cloak)
rCorr   .          Rampage  .    (no gloves)
Will    .....                    (no boots) Stlth
                                 e - amulet of the acrobat
HPRegen 0.25/turn                (no ring)
MPRegen 0.08/turn                (no ring)

@: confused, mighty, acrobatic
A: horns 2, retaliatory headbutt
a: no special abilities


You were on level 2 of the Dungeon.
You visited 1 branch of the dungeon, and saw 2 of its levels.

You collected 33 gold pieces.

Inventory:

Hand Weapons
 a - a +0 war axe (weapon)
Armour
 b - a +0 scale mail (worn)
 c - a +0 buckler (worn)
Jewellery
 e - an amulet of the acrobat (around neck)
Scrolls
 f - a scroll of teleportation {unknown}
 g - a scroll of fog {unknown}
 h - a scroll of identify {unknown}
Potions
 i - a potion of invisibility {unknown}


   Skills:
 + Level 4.1 Fighting
 * Level 3.8 Axes
 - Level 3.6 Armour
 - Level 3.6 Shields


You had 2 spell levels left.
You didn't know any spells.
Your spell library contained the following spells:

 Spells                   Type           Power      Damage    Failure   Level
 Ozocubu's Armour         Ice            0%         N/A       99%         3
 Ozocubu's Refrigeration  Ice            0%         4d7       100%        7


Dungeon Overview and Level Annotations

Branches:
Dungeon (2/15)

Altars:
Xom

Annotations:
D:2 Jessica


Innate Abilities, Weirdness & Mutations

You have a pair of horns on your head.
You reflexively headbutt those who attack you in melee.


Message History

No target in view!
No target in view!
A gnoll comes into view. It is wielding a +0 halberd.
Jessica the Apprentice Sorceress comes into view.
She is wielding a +0 club and carrying a wand of light (10).
Found 4 gold pieces.
Jessica shouts!
You hear a shout!
Found 3 stones.
A gnoll comes into view. It is wielding a +0 club.
The gnoll shouts!
A gnoll comes into view. It is wielding a +0 heavy halberd.
The gnoll closely misses you.
A gnoll comes into view. It is wielding a +0 flail.
The gnoll shouts! x2
You block the gnoll's attack.
You barely miss the gnoll. You hit Jessica. Jessica hits you with a +0 club.
The gnoll hits you with a +0 halberd!
* * * LOW HITPOINT WARNING * * *
You are too injured to fight recklessly!
You are too injured to fight recklessly!
Okay, then.
You feel very mighty all of a sudden. Jessica hits you with a +0 club.
* * * LOW HITPOINT WARNING * * *
The gnoll barely misses you. You furiously retaliate!
You headbutt the gnoll!!
You kill the gnoll!
You have reached level 3!
Your experience leads to an increase in your attributes!
Increase (S)trength, (I)ntelligence, or (D)exterity?
You feel agile. x2
Okay, then.
Jessica points at you and mumbles some strange words.
You barely resist.
Jessica casts a spell.
Jessica blinks!
Jessica gestures wildly while chanting.
Jessica blinks!
Jessica zaps a wand.
The bolt of light hits you!
You are confused.
Ouch! That really hurt!
You die...

###### #....# #....#
#<...# #....# ..
#....#
...###########....#
...$.......g..@....#
....#......g..#.####
..............#.#
...?ยง........#.#
###..._...@...#.#
..........g)..#.#
..........#####.#
..........# #.#
......)...#


You could see 3 gnolls and Jessica.

Vanquished Creatures
  A gnoll (D:2)
  2 dart slugs (D:1)
  An endoplasm (D:2)
  A giant cockroach (D:1)
  3 goblins (D:1)
  4 hobgoblins (D:1)
  A quokka (D:1)
  2 frilled lizards (D:1)
15 creatures vanquished.

Notes
Turn   | Place    | Note
-------+----------+-------------------------------------------
     0 | D:1      | Iich the Minotaur Fighter began the quest for the Orb.
     0 | D:1      | Reached XP level 1. HP: 19/19 MP: 0/0
   209 | D:1      | Reached XP level 2. HP: 22/27 MP: 1/1
   375 | D:1      | Found a faded altar of an unknown god.
   421 | D:1      | Reached skill level 4 in Fighting
   729 | D:2      | Found a shimmering altar of Xom.
   734 | D:2      | Noticed Jessica
   740 | D:2      | Reached XP level 3. HP: 8/33 MP: 2/2
   746 | D:2      | Killed from afar by Jessica

Illustrated notes

Levels and vault maps discovered:
D:1:      scummos_arrival_simple_fountains, layout_loops_cross,
          shapermc_ecumenical_altar_totnotflames
D:2:      layout_basic, basic_altar, minmay_misc_feat_tiny, uniq_jessica

Skill      XL: |  1  2 |
---------------+-------+-----
Axes           | 3 |  3.8
Fighting       | 4 |  4.1
Armour         | |  3.6
Shields        | |  3.6

Action                     || total
---------------------------++-------
  Melee: War axe           ||    19
         Headbutt          ||     3
    Use: Potion            ||     1
  Dodge: Dodged            ||     8
  Block: Buckler           ||     3

Table legend: (Time is in decaauts)
 A = Elapsed time spent in this place.
 B = Non-inter-level travel time spent in this place.
 C = Inter-level travel time spent in this place.
 D = Time resting spent in this place.
 E = Time spent auto-exploring this place.
 F = Levels seen in this place.
 G = Mean time per level.
                   A        B        C        D        E       F      G
               +--------+--------+--------+--------+--------+-----+--------+
         Total |    753 |    704 |     49 |      0 |    599 |   2 |  376.5 |
       Dungeon |    753 |    704 |     49 |      0 |    599 |   2 |  376.5 |
               +--------+--------+--------+--------+--------+-----+--------+

Top non-repeatable levels by time:
     D:1: 729 daAuts
     D:2: 23 daAuts
